 Dungeon Crawl Stone Soup version 0.32-a0-673-g3729bd50f8 (webtiles) character file.

Game seed: 2794480345542540390

1269 backslashecho the Slasher (level 8, -2/62 HPs)
             Began as a Demonspawn Gladiator on Mar 10, 2024.
             Slain by a cyclops (24 damage)
             ... on level 7 of the Dungeon.
             The game lasted 00:10:16 (5146 turns).

backslashecho the Slasher (Demonspawn Gladiator)    Turns: 5146, Time: 00:10:17

Health: -2/62      AC:  7    Str: 18    XL:     8   Next: 28%
Magic:  8/8        EV: 17    Int: 13    God:
Gold:   612        SH:  0    Dex: 16    Spells: 7/7 levels left

rFire   + . .        a - +5 long sword "Zannex" {flame, rF+ Str+4}
rCold   . . .        (no shield)
rNeg    . . .        b - +0 leather armour
rPois   .            c - +0 helmet
rElec   .            (no cloak)
rCorr   .            (no gloves)
SInv    +            y - +2 pair of boots "Micuwkiokh" {Int+3 Stlth+}
Will    +....        z - amulet of the acrobat
Stlth   ++           w - ring of willpower
HPRegen 0.30/turn    l - ring of see invisible
MPRegen 0.11/turn

%: acrobat
@: no status effects
A: claws 1, repulsion field 2, demonic guardian 2
a: no special abilities


You were on level 7 of the Dungeon.
You visited 1 branch of the dungeon, and saw 7 of its levels.
You also visited: Ossuary.

You collected 612 gold pieces.

Inventory:

Hand Weapons
 a - the +5 long sword "Zannex" (weapon) {flame, rF+ Str+4}
   (You found it on level 3 of the Dungeon)

   Str+4:     It affects your strength (+4).
   rF+:       It protects you from fire.
Missiles
 d - 3 throwing nets
 e - a javelin
 D - 2 curare-tipped darts (quivered)
Armour
 b - a +0 leather armour (worn)
 c - a +0 helmet (worn)
 y - the +2 pair of boots "Micuwkiokh" (worn) {Int+3 Stlth+}
   (You found it on level 5 of the Dungeon)

   Int+3:     It affects your intelligence (+3).
   Stlth+:    It makes you more stealthy.
Jewellery
 l - a ring of see invisible (right claw)
 w - a ring of willpower (left claw)
 z - an amulet of the acrobat (around neck)
Wands
 t - a wand of flame (6)
Scrolls
 f - a scroll of fear
 j - a scroll of noise {unknown}
 k - a scroll of blinking {unknown}
 p - 2 scrolls of enchant weapon {unknown}
 q - a scroll of poison {unknown}
 r - 2 scrolls of revelation
 A - 3 scrolls of fog {unknown}
 B - a scroll of vulnerability {unknown}
 C - a scroll of teleportation {unknown}
 E - a scroll of identify
 F - a scroll of amnesia {unknown}
Potions
 g - a potion of lignification {unknown}
 h - 6 potions of curing
 i - 3 potions of ambrosia
 m - 4 potions of enlightenment
 n - 2 potions of heal wounds {unknown}
 o - 2 potions of brilliance {unknown}
 s - 3 potions of mutation {unknown}
 u - 3 potions of degeneration {unknown}
 v - 2 potions of haste {unknown}
 x - a potion of might {unknown}
 G - a potion of invisibility {unknown}


   Skills:
 - Level 5.0 Fighting
 * Level 7.1 Long Blades
 + Level 2.4 Throwing
 + Level 5.2 Dodging


You had 7 spell levels left.
You didn't know any spells.
Your spell library contained the following spells:

 Spells                   Type           Power      Damage    Failure   Level
 Freeze                   Ice            0%         1d3       36%         1
 Magic Dart               Conj           0%         1d3       36%         1
 Blink                    Tloc           0%         N/A       50%         2
 Call Imp                 Summ           0%         N/A       50%         2
 Ensorcelled Hibernation  Hex/Ice        0%         N/A       50%         2
 Jinxbite                 Hex            0%         N/A       50%         2
 Frozen Ramparts          Ice            0%         1d1       73%         3
 Hailstorm                Conj/Ice       0%         3d5       73%         3
 Passwall                 Erth           0%         N/A       73%         3
 Swiftness                Air            0%         N/A       73%         3
 Vhi's Electric Charge    Tloc/Air       0%         N/A       98%         4
 Arcjolt                  Conj/Air       0%         1d10      100%        5
 Yara's Violent Unravell  Hex/Alch       0%         3d3       100%        5
 Enfeeble                 Hex            0%         N/A       100%        7
 Maxwell's Capacitive Co  Air            0%         ∞         100%        8


Dungeon Overview and Level Annotations

Branches:
Dungeon (7/15)             Temple (0/1) D:5         Ossuary (visited)

Altars:
Kikubaaqudgha
Qazlal

Shops:
D:5 *   D:6 *

Annotations:
D:5 2 runed translucent doors
D:7 Maggie


Innate Abilities, Weirdness & Mutations

You have sharp fingernails.
You are surrounded by a moderate repulsion field. (EV +3)
A demonic guardian rushes to your aid.


Message History

The acid dragon roars!
You hit the bullfrog. You burn the bullfrog.
The bullfrog is severely wounded.
The bullfrog barely misses you. The bullfrog misses you.
You barely miss the bullfrog.
The bullfrog is severely wounded.
The bullfrog barely misses you. The bullfrog closely misses you.
You barely miss the bullfrog.
The bullfrog is severely wounded.
The bullfrog closely misses you. The bullfrog barely misses you.
You barely miss the bullfrog.
The bullfrog is severely wounded.
The bullfrog misses you.
You slash the bullfrog! You burn the bullfrog.
You kill the bullfrog!
The acid dragon spits acid at you. The splash of acid misses you.
Your Long Blades skill increases to level 7!
You close the door, pushing everything out of the way.
You start resting.
HP restored.
Health restored: 62 You see here a bullfrog corpse.
You open the door.
A cyclops comes into view.
A red ugly thing comes into view.
The cyclops shouts!
A sleepcap comes into view.
There is an open door here.
You close the door.
An iguana comes into view.
The iguana hisses angrily.
The iguana moves out of view.
Found a scroll labelled MAYKIM GOCUUQO.
The iguana bites you.
You take 2 damage, and have 60/62 hp.
You closely miss the iguana. The iguana bites you! The iguana misses you.
You take 9 damage, and have 51/62 hp.
You slash the iguana! You burn the iguana.
The iguana is severely wounded.
The iguana barely misses you.
You hit the iguana but do no damage.
The iguana is severely wounded.
The iguana closely misses you.
You completely miss the iguana.
The iguana is severely wounded.
The iguana closely misses you.
You slash the iguana! You burn the iguana.
You kill the iguana!
No target in view!
A - 3 scrolls labelled MAYKIM GOCUUQO (gained 1)
You regained 2 hp, and now have 56/62 hp.
You regained 4 hp, and now have 60/62 hp.
HP restored.
Health restored: 62
Found 9 gold pieces.
You now have 612 gold pieces (gained 9).
Found 6 stones.
An iguana comes into view.
Found 9 gold pieces.
A water moccasin comes into view.
Found a leather armour.
You open the door.
There is an open door here.
There is an open door here.
Found a stone staircase leading down.
Found an escape hatch in the ceiling.
You open the door.
Found a stone staircase leading down.
There is an open door here.
There is a stone staircase leading down here.
Found an escape hatch in the floor.
A cyclops is nearby!
The cyclops shouts!
You start waiting.
A cyclops is nearby!
You start waiting.
A cyclops is nearby!
You slash the cyclops! You burn the cyclops.
The cyclops is moderately wounded.
The cyclops hits you but does no damage.
You slash the cyclops! You burn the cyclops.
The cyclops is heavily wounded.
The cyclops hits you!
You take 15 damage, and have 47/62 hp.
MASSIVE DAMAGE!!
You hit the cyclops. You burn the cyclops.
The cyclops is heavily wounded.
The cyclops hits you!
You take 15 damage, and have 32/62 hp.
MASSIVE DAMAGE!!
You slash the cyclops! You burn the cyclops.
The cyclops is severely wounded.
You hit the cyclops but do no damage.
The cyclops is severely wounded.
The cyclops hits you!
You take 11 damage, and have 21/62 hp.
You hit the cyclops. You burn the cyclops.
The cyclops is almost dead.
The cyclops hits you!!
You die...

.............## ..f #..#..#.....
##.......##..# .## #...##.....
##.......##.## u# #.###...#...###
#...........# ##.###.##D##...###
#...........# .......##.#.C....#
#...........+#########'#+#.#....#
##.....................÷...#....#
##...............#........##....#
#>......##.....@##.......##...##
##.......##......C........######
#........##......##.....)..#
#........##......##........#
#........#........#........#
##.......#.......##.......##
#.......##......##########
##########.......# #........#


You could see a cyclops.

Vanquished Creatures
  A black bear (D:5)
  A phantom (D:6)
  An ogre (D:6)
  A centaur (D:7)
  3 bullfrogs
  A scorpion (D:5)
  A howler monkey (D:6)
  2 jellies
  5 hounds
  Ijyb (D:3)
  5 iguanas
  8 mummies (Ossuary)
  7 adders
  A white imp (D:5)
  2 ufetubi (D:5)
  7 orcs
  6 endoplasms
  3 giant cockroaches
  A gnoll zombie (Ossuary)
  9 goblins
  3 hobgoblins
  4 quokkas
  6 ball pythons
  8 bats
  A frilled lizard (D:3)
  2 hobgoblin zombies (Ossuary)
  5 kobolds
  3 kobold zombies (Ossuary)
  2 orc zombies (Ossuary)
  5 rats
105 creatures vanquished.

Vanquished Creatures (collateral kills)
  A bombardier beetle (D:5)
  An ufetubus (D:5)
2 creatures vanquished.

Grand Total: 107 creatures vanquished

Notes
Turn   | Place    | Note
-------+----------+-------------------------------------------
     0 | D:1      | backslashecho the Demonspawn Gladiator began the quest for
                  | the Orb.
     0 | D:1      | Reached XP level 1. HP: 16/16 MP: 1/1
   220 | D:1      | Gained mutation: You are surrounded by a mild repulsion
                  | field. (EV +2) [demonic ancestry]
   220 | D:1      | Reached XP level 2. HP: 20/22 MP: 2/2
   311 | D:1      | Reached skill level 3 in Long Blades
   691 | D:2      | Gained mutation: A weak demonic guardian rushes to your
                  | aid. [demonic ancestry]
   691 | D:2      | Reached XP level 3. HP: 14/28 MP: 3/3
  1049 | D:2      | Gained mutation: You have sharp fingernails. [demonic
                  | ancestry]
  1049 | D:2      | Reached XP level 4. HP: 34/34 MP: 4/4
  1277 | D:3      | Identified the +5 long sword "Zannex" {flame, rF+ Str+4}
  1402 | D:3      | Noticed Ijyb
  1417 | D:3      | Killed Ijyb
  1492 | D:3      | You fall into a shaft and drop 2 floors!
  1492 | D:5      | Entered Level 5 of the Dungeon
  1508 | D:5      | Reached skill level 4 in Long Blades
  1518 | D:5      | Found Unweovva's Assorted Antiques.
  1574 | D:4      | Found an ancient bone altar of Kikubaaqudgha.
  1945 | D:4      | Reached XP level 5. HP: 33/41 MP: 5/5
  2386 | D:5      | Found a stormy altar of Qazlal.
  2471 | D:5      | Gained mutation: A demonic guardian rushes to your aid.
                  | [demonic ancestry]
  2471 | D:5      | Reached XP level 6. HP: 47/47 MP: 6/6
  2493 | D:5      | Reached skill level 5 in Long Blades
  2574 | D:5      | Found a runed translucent door.
  2576 | D:5      | Found a runed translucent door.
  3021 | D:5      | Gained mutation: You are surrounded by a moderate repulsion
                  | field. (EV +3) [demonic ancestry]
  3021 | D:5      | Reached XP level 7. HP: 53/54 MP: 7/7
  3073 | D:5      | Found a staircase to the Ecumenical Temple.
  3081 | D:5      | Identified the +2 pair of boots "Micuwkiokh" {Int+3 Stlth+}
  3273 | D:6      | Found a sand-covered staircase.
  3280 | Ossuary  | Entered an ossuary
  3652 | D:6      | Reached skill level 6 in Long Blades
  3658 | D:6      | Found Tazunwemm's General Store.
  4724 | D:7      | Noticed Maggie
  4738 | D:7      | Reached skill level 5 in Fighting
  4738 | D:7      | Reached skill level 5 in Dodging
  4738 | D:7      | Reached XP level 8. HP: 61/62 MP: 8/8
  4930 | D:7      | Reached skill level 7 in Long Blades
  4952 | D:7      | Noticed a cyclops
  4953 | D:7      | Noticed a red ugly thing
  5146 | D:7      | Slain by a cyclops

Illustrated notes

Levels and vault maps discovered:
D:1:      grunt_arrival_crossed_arrows, layout_loops_ring,
          minmay_close_crescents
D:2:      layout_rooms
D:3:      layout_rooms, uniq_ijyb
D:4:      layout_basic, lemuel_tele_altar, amcnicky_altar_gilded,
          serial_park_tiny_2
D:5:      lemuel_insect_pit, layout_loops_ring,
          nicolae_qazlal_general_emergency, minmay_temple_entry_mini_moons,
          serial_shops, nicolae_lakefront_shop, minmay_pentangle
D:6:      layout_layer_cave, chequers_ossuary_entry_cave,
          nicolae_take_the_stairs
D:7:      minmay_the_grid_triangle_9x9_rhombus_thin
          [minmay_the_grid_triangle_9x9_corruption,
          minmay_the_grid_triangle_9x9_prize_special,
          minmay_the_grid_triangle_9x9_warning,
          minmay_the_grid_triangle_9x9_negative_grid], layout_gridville,
          uniq_maggie

Skill      XL: |  1  2  3  4  5  6  7  8 |
---------------+-------------------------+-----
Throwing       | 2 |  2.4
Long Blades    | 3 4 5 6 7 |  7.1
Dodging        | 3 4 5 |  5.2
Fighting       | 3 4 5 |  5.0

Action                     |  1- 3 |  4- 6 |  7- 9 || total
---------------------------+-------+-------+-------++-------
  Melee: Long sword        |   101 |    85 |   114 ||   300
    Use: Scroll            |       |       |     6 ||     6
   Stab: Sleeping          |       |     1 |     1 ||     2
 Armour: Leather armour    |    47 |    60 |    56 ||   163
  Dodge: Dodged            |    91 |    98 |    95 ||   284

Table legend: (Time is in decaauts)
 A = Elapsed time spent in this place.
 B = Non-inter-level travel time spent in this place.
 C = Inter-level travel time spent in this place.
 D = Time resting spent in this place.
 E = Time spent auto-exploring this place.
 F = Levels seen in this place.
 G = Mean time per level.
                   A        B        C        D        E       F      G
               +--------+--------+--------+--------+--------+-----+--------+
         Total |   5194 |   4928 |    266 |     31 |   3704 |   8 |  649.2 |
       Dungeon |   4958 |   4692 |    266 |     31 |   3613 |   7 |  708.3 |
       Ossuary |    235 |    235 |      0 |      0 |     91 |   1 |  235.0 |
               +--------+--------+--------+--------+--------+-----+--------+

Top non-repeatable levels by time:
     D:6: 1223 daAuts
     D:5: 955 daAuts
     D:1: 667 daAuts
     D:2: 629 daAuts
     D:3: 569 daAuts
     D:4: 477 daAuts
     D:7: 436 daAuts
 Ossuary: 235 daAuts
